Workbook

Sheet Template
K1: Order Season 2026 | O1: =K1 -> Order Season 2026
B2: 1. Complete details in the sender information section (right), all fields are mandatory | K2: Sender Information
B3: 2. Complete details of your recipients in to the recipient information section (below), please fill all mandatory fields. | K3: Name | O3: Billing Address needed for invoice Mandatory Field | T3: Hampers & Co to supply Card Greeting text needed below (from cell O11)
B4: 3. Send your completed order to sales@hampersandco.com | K4: Company
B5: 4. We will invoice you for your order | K5: Phone Number
B6: 5. Accepted payments: AMEX, MasterCard, Visa, Bank Transfer. Credit only by prior arrangement. | K6: Email Address | O6: PO Number
B7: 6. Placing an order is acknowledgement of our Terms & Conditions, seen in these 2 links: | G7: Shipping
G8: Refund
B9: Recipient Information
B10: No. | C10: Recipient Name Mandatory Field | D10: Address Line 1 Mandatory Field | E10: Address Line 2 | F10: Address Line 3 | G10: Town / City Mandatory Field | H10: County / State / Region Mandatory Field | I10: Postcode Mandatory Field | J10: Country Mandatory Field | K10: Shipping Mandatory Field | L10: Shipping Including VAT | M10: Recipient Phone must be local to the country of delivery Mandatory Field | N10: Recipient Email Address Mandatory Field | O10: Hamper/Gift Mandatory Field | P10: SKU | Q10: Hamper Size A or B | R10: Quantity to this Recipient Mandatory Field | S10: Pallet Delivery | T10: Delivery Date Mandatory Field | U10: Greeting Card Message if Hampers & Co are supplying the greeting card | V10: Characters left in message
B11: 1 | J11: Select from Dropdown | K11: Select from Dropdown | L11: =INDEX('Shipping 2025'!$C$1:$C$499,MATCH(K11,'Shipping 2025'!$A$1:$A$499,"0")) -> 0 | O11: Candles & Chocolates Gift Box €25 | P11: =INDEX('Hamper SKUs 2026'!$C$1:$C$499,MATCH(O11,'Hamper SKUs 2026'!$E$1:$E$499,"0")) -> 12050-01 | Q11: =INDEX('Hamper SKUs 2026'!$B$1:$B$499,MATCH(O11,'Hamper SKUs 2026'!$E$1:$E$499,"0")) -> B | V11: =IF(U11="","",250-LEN(U11))
B12: 2 | J12: Select from Dropdown | K12: Select from Dropdown | L12: =INDEX('Shipping 2025'!$C$1:$C$499,MATCH(K12,'Shipping 2025'!$A$1:$A$499,"0")) -> 0 | O12: Select from dropdown | P12: =INDEX('Hamper SKUs 2026'!$C$1:$C$499,MATCH(O12,'Hamper SKUs 2026'!$E$1:$E$499,"0")) -> SKU | Q12: =INDEX('Hamper SKUs 2026'!$B$1:$B$499,MATCH(O12,'Hamper SKUs 2026'!$E$1:$E$499,"0")) -> Size | V12: =IF(U12="","",250-LEN(U12))
B13: 3 | J13: Select from Dropdown | K13: Select from Dropdown | L13: =INDEX('Shipping 2025'!$C$1:$C$499,MATCH(K13,'Shipping 2025'!$A$1:$A$499,"0")) -> 0 | O13: Select from dropdown | P13: =INDEX('Hamper SKUs 2026'!$C$1:$C$499,MATCH(O13,'Hamper SKUs 2026'!$E$1:$E$499,"0")) -> SKU | Q13: =INDEX('Hamper SKUs 2026'!$B$1:$B$499,MATCH(O13,'Hamper SKUs 2026'!$E$1:$E$499,"0")) -> Size | V13: =IF(U13="","",250-LEN(U13))
B14: 4 | J14: Select from Dropdown | K14: Select from Dropdown | L14: =INDEX('Shipping 2025'!$C$1:$C$499,MATCH(K14,'Shipping 2025'!$A$1:$A$499,"0")) -> 0 | O14: Select from dropdown | P14: =INDEX('Hamper SKUs 2026'!$C$1:$C$499,MATCH(O14,'Hamper SKUs 2026'!$E$1:$E$499,"0")) -> SKU | Q14: =INDEX('Hamper SKUs 2026'!$B$1:$B$499,MATCH(O14,'Hamper SKUs 2026'!$E$1:$E$499,"0")) -> Size | V14: =IF(U14="","",250-LEN(U14))
B15: 5 | J15: Select from Dropdown | K15: Select from Dropdown | L15: =INDEX('Shipping 2025'!$C$1:$C$499,MATCH(K15,'Shipping 2025'!$A$1:$A$499,"0")) -> 0 | O15: Select from dropdown | P15: =INDEX('Hamper SKUs 2026'!$C$1:$C$499,MATCH(O15,'Hamper SKUs 2026'!$E$1:$E$499,"0")) -> SKU | Q15: =INDEX('Hamper SKUs 2026'!$B$1:$B$499,MATCH(O15,'Hamper SKUs 2026'!$E$1:$E$499,"0")) -> Size | V15: =IF(U15="","",250-LEN(U15))
B16: 6 | J16: Select from Dropdown | K16: Select from Dropdown | L16: =INDEX('Shipping 2025'!$C$1:$C$499,MATCH(K16,'Shipping 2025'!$A$1:$A$499,"0")) -> 0 | O16: Select from dropdown | P16: =INDEX('Hamper SKUs 2026'!$C$1:$C$499,MATCH(O16,'Hamper SKUs 2026'!$E$1:$E$499,"0")) -> SKU | Q16: =INDEX('Hamper SKUs 2026'!$B$1:$B$499,MATCH(O16,'Hamper SKUs 2026'!$E$1:$E$499,"0")) -> Size
B17: 7 | J17: Select from Dropdown | K17: Select from Dropdown | L17: =INDEX('Shipping 2025'!$C$1:$C$499,MATCH(K17,'Shipping 2025'!$A$1:$A$499,"0")) -> 0 | O17: Select from dropdown | P17: =INDEX('Hamper SKUs 2026'!$C$1:$C$499,MATCH(O17,'Hamper SKUs 2026'!$E$1:$E$499,"0")) -> SKU | Q17: =INDEX('Hamper SKUs 2026'!$B$1:$B$499,MATCH(O17,'Hamper SKUs 2026'!$E$1:$E$499,"0")) -> Size
B18: 8 | J18: Select from Dropdown | K18: Select from Dropdown | L18: =INDEX('Shipping 2025'!$C$1:$C$499,MATCH(K18,'Shipping 2025'!$A$1:$A$499,"0")) -> 0 | O18: Select from dropdown | P18: =INDEX('Hamper SKUs 2026'!$C$1:$C$499,MATCH(O18,'Hamper SKUs 2026'!$E$1:$E$499,"0")) -> SKU | Q18: =INDEX('Hamper SKUs 2026'!$B$1:$B$499,MATCH(O18,'Hamper SKUs 2026'!$E$1:$E$499,"0")) -> Size
B19: 9 | J19: Select from Dropdown | K19: Select from Dropdown | L19: =INDEX('Shipping 2025'!$C$1:$C$499,MATCH(K19,'Shipping 2025'!$A$1:$A$499,"0")) -> 0 | O19: Select from dropdown | P19: =INDEX('Hamper SKUs 2026'!$C$1:$C$499,MATCH(O19,'Hamper SKUs 2026'!$E$1:$E$499,"0")) -> SKU | Q19: =INDEX('Hamper SKUs 2026'!$B$1:$B$499,MATCH(O19,'Hamper SKUs 2026'!$E$1:$E$499,"0")) -> Size
B20: 10 | J20: Select from Dropdown | K20: Select from Dropdown | L20: =INDEX('Shipping 2025'!$C$1:$C$499,MATCH(K20,'Shipping 2025'!$A$1:$A$499,"0")) -> 0 | O20: Select from dropdown | P20: =INDEX('Hamper SKUs 2026'!$C$1:$C$499,MATCH(O20,'Hamper SKUs 2026'!$E$1:$E$499,"0")) -> SKU | Q20: =INDEX('Hamper SKUs 2026'!$B$1:$B$499,MATCH(O20,'Hamper SKUs 2026'!$E$1:$E$499,"0")) -> Size
B21: 11 | J21: Select from Dropdown | K21: Select from Dropdown | L21: =INDEX('Shipping 2025'!$C$1:$C$499,MATCH(K21,'Shipping 2025'!$A$1:$A$499,"0")) -> 0 | O21: Select from dropdown | P21: =INDEX('Hamper SKUs 2026'!$C$1:$C$499,MATCH(O21,'Hamper SKUs 2026'!$E$1:$E$499,"0")) -> SKU | Q21: =INDEX('Hamper SKUs 2026'!$B$1:$B$499,MATCH(O21,'Hamper SKUs 2026'!$E$1:$E$499,"0")) -> Size
B22: 12 | J22: Select from Dropdown | K22: Select from Dropdown | L22: =INDEX('Shipping 2025'!$C$1:$C$499,MATCH(K22,'Shipping 2025'!$A$1:$A$499,"0")) -> 0 | O22: Select from dropdown | P22: =INDEX('Hamper SKUs 2026'!$C$1:$C$499,MATCH(O22,'Hamper SKUs 2026'!$E$1:$E$499,"0")) -> SKU | Q22: =INDEX('Hamper SKUs 2026'!$B$1:$B$499,MATCH(O22,'Hamper SKUs 2026'!$E$1:$E$499,"0")) -> Size
B23: 13 | J23: Select from Dropdown | K23: Select from Dropdown | L23: =INDEX('Shipping 2025'!$C$1:$C$499,MATCH(K23,'Shipping 2025'!$A$1:$A$499,"0")) -> 0 | O23: Select from dropdown | P23: =INDEX('Hamper SKUs 2026'!$C$1:$C$499,MATCH(O23,'Hamper SKUs 2026'!$E$1:$E$499,"0")) -> SKU | Q23: =INDEX('Hamper SKUs 2026'!$B$1:$B$499,MATCH(O23,'Hamper SKUs 2026'!$E$1:$E$499,"0")) -> Size
B24: 14 | J24: Select from Dropdown | K24: Select from Dropdown | L24: =INDEX('Shipping 2025'!$C$1:$C$499,MATCH(K24,'Shipping 2025'!$A$1:$A$499,"0")) -> 0 | O24: Select from dropdown | P24: =INDEX('Hamper SKUs 2026'!$C$1:$C$499,MATCH(O24,'Hamper SKUs 2026'!$E$1:$E$499,"0")) -> SKU | Q24: =INDEX('Hamper SKUs 2026'!$B$1:$B$499,MATCH(O24,'Hamper SKUs 2026'!$E$1:$E$499,"0")) -> Size
B25: 15 | J25: Select from Dropdown | K25: Select from Dropdown | L25: =INDEX('Shipping 2025'!$C$1:$C$499,MATCH(K25,'Shipping 2025'!$A$1:$A$499,"0")) -> 0 | O25: Select from dropdown | P25: =INDEX('Hamper SKUs 2026'!$C$1:$C$499,MATCH(O25,'Hamper SKUs 2026'!$E$1:$E$499,"0")) -> SKU | Q25: =INDEX('Hamper SKUs 2026'!$B$1:$B$499,MATCH(O25,'Hamper SKUs 2026'!$E$1:$E$499,"0")) -> Size
B26: 16 | J26: Select from Dropdown | K26: Select from Dropdown | L26: =INDEX('Shipping 2025'!$C$1:$C$499,MATCH(K26,'Shipping 2025'!$A$1:$A$499,"0")) -> 0 | O26: Select from dropdown | P26: =INDEX('Hamper SKUs 2026'!$C$1:$C$499,MATCH(O26,'Hamper SKUs 2026'!$E$1:$E$499,"0")) -> SKU | Q26: =INDEX('Hamper SKUs 2026'!$B$1:$B$499,MATCH(O26,'Hamper SKUs 2026'!$E$1:$E$499,"0")) -> Size
B27: 17 | J27: Select from Dropdown | K27: Select from Dropdown | L27: =INDEX('Shipping 2025'!$C$1:$C$499,MATCH(K27,'Shipping 2025'!$A$1:$A$499,"0")) -> 0 | O27: Select from dropdown | P27: =INDEX('Hamper SKUs 2026'!$C$1:$C$499,MATCH(O27,'Hamper SKUs 2026'!$E$1:$E$499,"0")) -> SKU | Q27: =INDEX('Hamper SKUs 2026'!$B$1:$B$499,MATCH(O27,'Hamper SKUs 2026'!$E$1:$E$499,"0")) -> Size
... B208: 198 | J208: Select from Dropdown | K208: Select from Dropdown | L208: =INDEX('Shipping 2025'!$C$1:$C$499,MATCH(K208,'Shipping 2025'!$A$1:$A$499,"0")) -> 0 | O208: Select from dropdown | P208: =INDEX('Hamper SKUs 2026'!$C$1:$C$499,MATCH(O208,'Hamper SKUs 2026'!$E$1:$E$499,"0")) -> SKU | Q208: =INDEX('Hamper SKUs 2026'!$B$1:$B$499,MATCH(O208,'Hamper SKUs 2026'!$E$1:$E$499,"0")) -> Size

Sheet Summary of Hampers & Shipping
A1: Name | B1: =Template!M3 -> 0
A2: Company | B2: =Template!M4 -> 0
A3: Contact | B3: =Template!M5 -> 0
A4: Email Address | B4: =Template!M6 -> 0
A5: PO Number | B5: =Template!P6 -> 0
B8: Hamper Summary | G8: Shipping Summary
B10: {=_xlfn.GROUPBY(Template!O11:P300,Template!R11:R300,_xleta.SUM)} -> Candles & Chocolates Gift Box €25 | C10: 12050-01 | D10: 0 | G10: {=_xlfn.GROUPBY(Template!K11:K300,Template!R11:R300,_xleta.SUM)} -> Select from Dropdown | H10: 0
B11: Select from dropdown | C11: SKU | D11: 0 | G11: 0 | H11: 0
B12: 0 | C12: 0 | D12: 0 | G12: Total | H12: 0
B13: Total | D13: 0

Sheet Hamper SKUs 2026
A1: Name | B1: Size | C1: SKU | E1: Do Not Touch This Column (FORMULA)
A2: Select from dropdown | B2: Size | C2: SKU | D2: Selling price incl. VAT | E2: Select from dropdown
A3: "The Real Creel "- Irish Whiskey Hamper | B3: A | C3: 12030-01 | D3: 135 | E3: =A3&" €"& Table1[[#This Row],[Selling price incl. VAT]] -> "The Real Creel "- Irish Whiskey Hamper €135
A4: 3 Tier Etagere in Nickel-Plated Stainless Steel | B4: B | C4: 12957-01 | D4: 65 | E4: =A4&" €"& Table1[[#This Row],[Selling price incl. VAT]] -> 3 Tier Etagere in Nickel-Plated Stainless Steel €65
A5: 4 Bottle Wicker Wine Carrier | B5: A | C5: 12131-01 | D5: 95 | E5: =A5&" €"& Table1[[#This Row],[Selling price incl. VAT]] -> 4 Bottle Wicker Wine Carrier €95
A6: A Beautiful Baby Hamper | B6: A | C6: 12418-01 | D6: 125 | E6: =A6&" €"& Table1[[#This Row],[Selling price incl. VAT]] -> A Beautiful Baby Hamper €125
A7: A Beautiful Morning Bouquet of Flowers | B7: A | C7: 12445-01 | D7: 75 | E7: =A7&" €"& Table1[[#This Row],[Selling price incl. VAT]] -> A Beautiful Morning Bouquet of Flowers €75
A8: A Hamper Basket of Blissful Treats | B8: A | C8: 12143-01 | D8: 95 | E8: =A8&" €"& Table1[[#This Row],[Selling price incl. VAT]] -> A Hamper Basket of Blissful Treats €95
A9: A Nice Cup of Tea | B9: B | C9: 12862-01 | D9: 19 | E9: =A9&" €"& Table1[[#This Row],[Selling price incl. VAT]] -> A Nice Cup of Tea €19
A10: A Taste of Christmas Hamper | B10: A | C10: 12049-01 | D10: 63 | E10: =A10&" €"& Table1[[#This Row],[Selling price incl. VAT]] -> A Taste of Christmas Hamper €63
A11: A Taste of Harmony Wellness Gift - Red Wine | B11: B | C11: 12864-01 | D11: 49 | E11: =A11&" €"& Table1[[#This Row],[Selling price incl. VAT]] -> A Taste of Harmony Wellness Gift - Red Wine €49
A12: A Taste of Harmony Wellness Gift - White Wine | B12: B | C12: 12865-01 | D12: 49 | E12: =A12&" €"& Table1[[#This Row],[Selling price incl. VAT]] -> A Taste of Harmony Wellness Gift - White Wine €49
A13: A Touch of Class Basket - UK ONLY - Shipping Included | C13: 12877-77 | D13: 151 | E13: =A13&" €"& Table1[[#This Row],[Selling price incl. VAT]] -> A Touch of Class Basket - UK ONLY - Shipping Included €151
A14: A Wine Lovers Gift Basket | B14: B | C14: 12104-01 | D14: 75 | E14: =A14&" €"& Table1[[#This Row],[Selling price incl. VAT]] -> A Wine Lovers Gift Basket €75
A15: Afternoon Tea Gift Set | B15: B | C15: 12116-01 | D15: 35 | E15: =A15&" €"& Table1[[#This Row],[Selling price incl. VAT]] -> Afternoon Tea Gift Set €35
A16: Afternoon Tea with Prosecco | B16: B | C16: 12089-01 | D16: 46 | E16: =A16&" €"& Table1[[#This Row],[Selling price incl. VAT]] -> Afternoon Tea with Prosecco €46
A17: Aperol & Prosecco Spritz Gift Set | B17: A | C17: 12021-01 | D17: 69 | E17: =A17&" €"& Table1[[#This Row],[Selling price incl. VAT]] -> Aperol & Prosecco Spritz Gift Set €69
A18: Aurora Wine Glasses Set of 4 | B18: B | C18: 12178-01 | D18: 45.75 | E18: =A18&" €"& Table1[[#This Row],[Selling price incl. VAT]] -> Aurora Wine Glasses Set of 4 €45.75
A19: Avoca Baby Miss Cashmere Blend Baby Blanket | B19: B | C19: 12181-01 | D19: 59.95 | E19: =A19&" €"& Table1[[#This Row],[Selling price incl. VAT]] -> Avoca Baby Miss Cashmere Blend Baby Blanket €59.95
A20: Avoca Heavy Donegal Green Hills Throw - Large | B20: B | C20: 12184-01 | D20: 179.95 | E20: =A20&" €"& Table1[[#This Row],[Selling price incl. VAT]] -> Avoca Heavy Donegal Green Hills Throw - Large €179.95
A21: Avoca Lambswool Baby Blanket - Bonny Blues | B21: B | C21: 12336-01 | D21: 64.95 | E21: =A21&" €"& Table1[[#This Row],[Selling price incl. VAT]] -> Avoca Lambswool Baby Blanket - Bonny Blues €64.95
A22: Baby Blue Personalised Hooded Bathrobe | B22: B | C22: 12826-01 | D22: 30 | E22: =A22&" €"& Table1[[#This Row],[Selling price incl. VAT]] -> Baby Blue Personalised Hooded Bathrobe €30
A23: Baby Boy Bottom Drawer Gift Hamper | B23: A | C23: 12107-01 | D23: 97 | E23: =A23&" €"& Table1[[#This Row],[Selling price incl. VAT]] -> Baby Boy Bottom Drawer Gift Hamper €97
A24: Baby Boy Essentials Hamper | B24: A | C24: 12099-01 | D24: 72 | E24: =A24&" €"& Table1[[#This Row],[Selling price incl. VAT]] -> Baby Boy Essentials Hamper €72
A25: Baby Girl Essentials Gift Hamper | B25: A | C25: 12100-01 | D25: 72 | E25: =A25&" €"& Table1[[#This Row],[Selling price incl. VAT]] -> Baby Girl Essentials Gift Hamper €72
... A35: Boat Bowl 'Meadows Design' by Shannonbridge Pottery | B35: B | C35: 12872-01 | D35: 30 | E35: =A35&" €"& Table1[[#This Row],[Selling price incl. VAT]] -> Boat Bowl 'Meadows Design' by Shannonbridge Pottery €30
A36: Bonac Gin Gift Set | C36: 12486-01 | D36: 39 | E36: =A36&" €"& Table1[[#This Row],[Selling price incl. VAT]] -> Bonac Gin Gift Set €39
A37: Bottega Gold GrÃ¡ Chocolate Elegance Basket | B37: B | C37: 12929-01 | D37: 90 | E37: =A37&" €"& Table1[[#This Row],[Selling price incl. VAT]] -> Bottega Gold GrÃ¡ Chocolate Elegance Basket €90
A38: Box Of Indulgence - UK ONLY - Shipping Included | C38: 12889-77 | D38: 59 | E38: =A38&" €"& Table1[[#This Row],[Selling price incl. VAT]] -> Box Of Indulgence - UK ONLY - Shipping Included €59
A39: Bubbles & Bliss Cocktail Gift | B39: A | C39: 12866-01 | D39: 56 | E39: =A39&" €"& Table1[[#This Row],[Selling price incl. VAT]] -> Bubbles & Bliss Cocktail Gift €56
A40: Bubbles & Chocolates | B40: B | C40: 12074-01 | D40: 30 | E40: =A40&" €"& Table1[[#This Row],[Selling price incl. VAT]] -> Bubbles & Chocolates €30
A41: Bushmills 10 Year Old Single Malt Whiskey | B41: B | C41: 12189-01 | D41: 48 | E41: =A41&" €"& Table1[[#This Row],[Selling price incl. VAT]] -> Bushmills 10 Year Old Single Malt Whiskey €48
A42: Butlers Hazelnut Crunch Chocolate Slab 265g | B42: B | C42: 12917-01 | D42: 10 | E42: =A42&" €"& Table1[[#This Row],[Selling price incl. VAT]] -> Butlers Hazelnut Crunch Chocolate Slab 265g €10
A43: Butlers Signature Irish Chocolate Gift Box 500g | B43: B | C43: 12190-01 | D43: 28 | E43: =A43&" €"& Table1[[#This Row],[Selling price incl. VAT]] -> Butlers Signature Irish Chocolate Gift Box 500g €28
A44: Butler's The Christmas Collection Motif Box 240g | B44: B | C44: 12485-01 | D44: 15 | E44: =A44&" €"& Table1[[#This Row],[Selling price incl. VAT]] -> Butler's The Christmas Collection Motif Box 240g €15
A45: Candlelight Midnight Scented Reed Diffuser - Turkish Rose | B45: B | C45: 12003-01 | D45: 27.5 | E45: =A45&" €"& Table1[[#This Row],[Selling price incl. VAT]] -> Candlelight Midnight Scented Reed Diffuser - Turkish Rose €27.5
A46: Candles & Chocolates Gift Box | B46: B | C46: 12050-01 | D46: 25 | E46: =A46&" €"& Table1[[#This Row],[Selling price incl. VAT]] -> Candles & Chocolates Gift Box €25
A47: Cat Lovers Gift | B47: B | C47: 12152-01 | D47: 15 | E47: =A47&" €"& Table1[[#This Row],[Selling price incl. VAT]] -> Cat Lovers Gift €15
A48: Cedar & Sage Men's Eye Mask & Sleep Spray Gift Set | B48: B | C48: 12473-01 | D48: 25 | E48: =A48&" €"& Table1[[#This Row],[Selling price incl. VAT]] -> Cedar & Sage Men's Eye Mask & Sleep Spray Gift Set €25
A49: Chai blends Variety Pack - Tea Gift | B49: B | C49: 12875-01 | D49: 10 | E49: =A49&" €"& Table1[[#This Row],[Selling price incl. VAT]] -> Chai blends Variety Pack - Tea Gift €10
A50: Champagne & Chocolates | B50: B | C50: 12132-01 | D50: 70 | E50: =A50&" €"& Table1[[#This Row],[Selling price incl. VAT]] -> Champagne & Chocolates €70
... A55: Chateau Lynch- Bages & Valrhona Chocolates | B55: B | C55: 12427-01 | D55: 236.5 | E55: =A55&" €"& Table1[[#This Row],[Selling price incl. VAT]] -> Chateau Lynch- Bages & Valrhona Chocolates €236.5
A56: Cheese & Wine Slate - UK ONLY - Shipping Included | C56: 12890-77 | D56: 59 | E56: =A56&" €"& Table1[[#This Row],[Selling price incl. VAT]] -> Cheese & Wine Slate - UK ONLY - Shipping Included €59
A57: Cheese, Pate & Nibbles Evening Hamper - Coming Soon ! | B57: B | C57: 12936-01 | D57: 47 | E57: =A57&" €"& Table1[[#This Row],[Selling price incl. VAT]] -> Cheese, Pate & Nibbles Evening Hamper - Coming Soon ! €47
A58: Cheese, Pate & Wine Evening Hamper - Coming Soon ! | B58: B | C58: 12935-01 | D58: 50 | E58: =A58&" €"& Table1[[#This Row],[Selling price incl. VAT]] -> Cheese, Pate & Wine Evening Hamper - Coming Soon ! €50
A59: Chic Cocktail Set | B59: B | C59: 12290-01 | D59: 24.95 | E59: =A59&" €"& Table1[[#This Row],[Selling price incl. VAT]] -> Chic Cocktail Set €24.95
A60: Chic Water Carafe | B60: B | C60: 12377-01 | D60: 19.95 | E60: =A60&" €"& Table1[[#This Row],[Selling price incl. VAT]] -> Chic Water Carafe €19.95
A61: Childrens Tuck Gift Box | B61: B | C61: 12448-01 | D61: 55 | E61: =A61&" €"& Table1[[#This Row],[Selling price incl. VAT]] -> Childrens Tuck Gift Box €55
A62: Christmas Charm Gift Box - Special Edition - with Wine | C62: 12854-01 | D62: 49 | E62: =A62&" €"& Table1[[#This Row],[Selling price incl. VAT]] -> Christmas Charm Gift Box - Special Edition - with Wine €49
A63: Christmas Day Essentials with Wine | B63: A | C63: 12014-01 | D63: 83 | E63: =A63&" €"& Table1[[#This Row],[Selling price incl. VAT]] -> Christmas Day Essentials with Wine €83
A64: Christmas Eve Red Wine Gift | B64: B | C64: 12855-01 | D64: 35 | E64: =A64&" €"& Table1[[#This Row],[Selling price incl. VAT]] -> Christmas Eve Red Wine Gift €35
A65: Christmas Eve White Wine Gift | B65: B | C65: 12856-01 | D65: 35 | E65: =A65&" €"& Table1[[#This Row],[Selling price incl. VAT]] -> Christmas Eve White Wine Gift €35
A66: Christmas Goodie Gift Bag | B66: B | C66: 12059-01 | D66: 30 | E66: =A66&" €"& Table1[[#This Row],[Selling price incl. VAT]] -> Christmas Goodie Gift Bag €30
A67: Christmas Table Elegance - Coming Soon ! | B67: B | C67: 12942-01 | D67: 30 | E67: =A67&" €"& Table1[[#This Row],[Selling price incl. VAT]] -> Christmas Table Elegance - Coming Soon ! €30
A68: Christmas Wine Wonderland - Red | B68: B | C68: 12016-01 | D68: 29.5 | E68: =A68&" €"& Table1[[#This Row],[Selling price incl. VAT]] -> Christmas Wine Wonderland - Red €29.5
A69: Christmas Wine Wonderland - White | B69: B | C69: 12017-01 | D69: 29.5 | E69: =A69&" €"& Table1[[#This Row],[Selling price incl. VAT]] -> Christmas Wine Wonderland - White €29.5
A70: Christmas Wine, Prosecco & Treats Hamper | B70: A | C70: 12941-01 | D70: 100 | E70: =A70&" €"& Table1[[#This Row],[Selling price incl. VAT]] -> Christmas Wine, Prosecco & Treats Hamper €100
A71: Classic Jameson Whiskey & Irish Chocolate Gift | B71: B | C71: 12082-01 | D71: 55 | E71: =A71&" €"& Table1[[#This Row],[Selling price incl. VAT]] -> Classic Jameson Whiskey & Irish Chocolate Gift €55
A72: Classic Jameson Whiskey & Irish Chocolate Gift - UK Only - Shipping Included | C72: 12082-77 | D72: 90 | E72: =A72&" €"& Table1[[#This Row],[Selling price incl. VAT]] -> Classic Jameson Whiskey & Irish Chocolate Gift - UK Only - Shipping Included €90
A73: Classic Picnic Basket for Four People | B73: A | C73: 12110-01 | D73: 138.75 | E73: =A73&" €"& Table1[[#This Row],[Selling price incl. VAT]] -> Classic Picnic Basket for Four People €138.75
A74: Classic Wine Trio Gift - Coming Soon ! | B74: A | C74: 12944-01 | D74: 62 | E74: =A74&" €"& Table1[[#This Row],[Selling price incl. VAT]] -> Classic Wine Trio Gift - Coming Soon ! €62
A75: Contemporary Style Afternoon Tea Stand | B75: B | C75: 12376-01 | D75: 37.95 | E75: =A75&" €"& Table1[[#This Row],[Selling price incl. VAT]] -> Contemporary Style Afternoon Tea Stand €37.95
A76: Cosy Nights In Gift Bag | B76: B | C76: 12023-01 | D76: 25 | E76: =A76&" €"& Table1[[#This Row],[Selling price incl. VAT]] -> Cosy Nights In Gift Bag €25
A77: Country Living Blue Lemons Mango Wood 3-Piece Serving Gift Set | B77: B | C77: 12954-01 | D77: 30 | E77: =A77&" €"& Table1[[#This Row],[Selling price incl. VAT]] -> Country Living Blue Lemons Mango Wood 3-Piece Serving Gift Set €30
A78: Country Living Lobster Mango Wood 5-Piece Serving Gift Set | B78: A | C78: 12956-01 | D78: 39 | E78: =A78&" €"& Table1[[#This Row],[Selling price incl. VAT]] -> Country Living Lobster Mango Wood 5-Piece Serving Gift Set €39
A79: Country Living Set of 4 Enamel-Coated Stainless Steel Dessert Spoons | B79: B | C79: 12955-01 | D79: 18 | E79: =A79&" €"& Table1[[#This Row],[Selling price incl. VAT]] -> Country Living Set of 4 Enamel-Coated Stainless Steel Dessert Spoons €18
A80: Daily Distractions Gift Box | B80: B | C80: 12001-01 | D80: 22.5 | E80: =A80&" €"& Table1[[#This Row],[Selling price incl. VAT]] -> Daily Distractions Gift Box €22.5
A81: Days Out Picnic Basket | B81: A | C81: 12150-01 | D81: 120 | E81: =A81&" €"& Table1[[#This Row],[Selling price incl. VAT]] -> Days Out Picnic Basket €120
A82: Dog Cookie Making Kit with Bone Shaped Cutter | B82: B | C82: 12874-01 | D82: 20 | E82: =A82&" €"& Table1[[#This Row],[Selling price incl. VAT]] -> Dog Cookie Making Kit with Bone Shaped Cutter €20
A83: Doggie Lovers Gift | B83: B | C83: 12170-01 | D83: 29 | E83: =A83&" €"& Table1[[#This Row],[Selling price incl. VAT]] -> Doggie Lovers Gift €29
A84: Dom Perignon - Champagne Gift Box | B84: B | C84: 12302-01 | D84: 280 | E84: =A84&" €"& Table1[[#This Row],[Selling price incl. VAT]] -> Dom Perignon - Champagne Gift Box €280
... A106: Forever in Bloom - with Wine | B106: B | C106: 12849-01 | D106: 39 | E106: =A106&" €"& Table1[[#This Row],[Selling price incl. VAT]] -> Forever in Bloom - with Wine €39
A107: Four Wines in Wicker - UK Only - Shipping Included | C107: 12883-77 | D107: 92 | E107: =A107&" €"& Table1[[#This Row],[Selling price incl. VAT]] -> Four Wines in Wicker - UK Only - Shipping Included €92
A108: Fruit, Wine & Chocolate Hamper | B108: A | C108: 12430-01 | D108: 98 | E108: =A108&" €"& Table1[[#This Row],[Selling price incl. VAT]] -> Fruit, Wine & Chocolate Hamper €98
A109: Fruits of Nature Lavender Tin Gift ( Hand & Body Wash, Hand Cream, Foam Bath, Soap & Flannel) | B109: B | C109: 12392-01 | D109: 42 | E109: =A109&" €"& Table1[[#This Row],[Selling price incl. VAT]] -> Fruits of Nature Lavender Tin Gift ( Hand & Body Wash, Hand Cream, Foam Bath, Soap & Flannel) €42
A110: Galway Crystal Elegance Hi-Ball (Pair) | B110: B | C110: 12326-01 | D110: 12.5 | E110: =A110&" €"& Table1[[#This Row],[Selling price incl. VAT]] -> Galway Crystal Elegance Hi-Ball (Pair) €12.5
A111: Galway Crystal Gin & Tonic Glassesâ€“ Blue Pair | B111: B | C111: 12327-01 | D111: 19.95 | E111: =A111&" €"& Table1[[#This Row],[Selling price incl. VAT]] -> Galway Crystal Gin & Tonic Glassesâ€“ Blue Pair €19.95
A112: Galway Crystal Renmore Whiskey Tumblers Gift Set | B112: B | C112: 12330-01 | D112: 24.95 | E112: =A112&" €"& Table1[[#This Row],[Selling price incl. VAT]] -> Galway Crystal Renmore Whiskey Tumblers Gift Set €24.95
A113: Galway Crystal Tall Carafe | B113: B | C113: 12333-01 | D113: 69.95 | E113: =A113&" €"& Table1[[#This Row],[Selling price incl. VAT]] -> Galway Crystal Tall Carafe €69.95
A114: Garden of Ireland Trio Soap in Gift Bag | B114: B | C114: 12258-01 | D114: 22 | E114: =A114&" €"& Table1[[#This Row],[Selling price incl. VAT]] -> Garden of Ireland Trio Soap in Gift Bag €22
A115: Gender Neutral Baby Hamper | B115: B | C115: 12442-01 | D115: 51 | E115: =A115&" €"& Table1[[#This Row],[Selling price incl. VAT]] -> Gender Neutral Baby Hamper €51
A116: Gender Neutral Baby Hamper with Prosecco | B116: B | C116: 12443-01 | D116: 64 | E116: =A116&" €"& Table1[[#This Row],[Selling price incl. VAT]] -> Gender Neutral Baby Hamper with Prosecco €64
A117: Gift Basket of Indulgent Treats | B117: A | C117: 12057-01 | D117: 177 | E117: =A117&" €"& Table1[[#This Row],[Selling price incl. VAT]] -> Gift Basket of Indulgent Treats €177
A118: Gift Box of Irish Cheeses | B118: B | C118: 12065-01 | D118: 30 | E118: =A118&" €"& Table1[[#This Row],[Selling price incl. VAT]] -> Gift Box of Irish Cheeses €30
A119: Gift Box of Love Hearts | B119: B | C119: 12200-01 | D119: 18.5 | E119: =A119&" €"& Table1[[#This Row],[Selling price incl. VAT]] -> Gift Box of Love Hearts €18.5
... A127: Green Spot Single Pot Still Irish Whiskey | B127: B | C127: 12287-01 | D127: 69 | E127: =A127&" €"& Table1[[#This Row],[Selling price incl. VAT]] -> Green Spot Single Pot Still Irish Whiskey €69
A128: Hampers & Co Gift Card | B128: A | D128: 30 | E128: =A128&" €"& Table1[[#This Row],[Selling price incl. VAT]] -> Hampers & Co Gift Card €30
A129: Handmade Soap Company Reed Diffuser - Lemongrass & Cedar Wood | B129: B | C129: 12094-01 | D129: 32 | E129: =A129&" €"& Table1[[#This Row],[Selling price incl. VAT]] -> Handmade Soap Company Reed Diffuser - Lemongrass & Cedar Wood €32
A130: Handmade Soap Company Shower Gel & Body Lotion Gift Set â€“ Bitter Orange & Pink Pepper | Luxury Natural Body Care Duo | B130: B | C130: 12995-01 | D130: 26 | E130: =A130&" €"& Table1[[#This Row],[Selling price incl. VAT]] -> Handmade Soap Company Shower Gel & Body Lotion Gift Set â€“ Bitter Orange & Pink Pepper | Luxury Natural Body Care Duo €26
A131: Happy Birthday Gift | B131: B | C131: 12036-01 | D131: 43 | E131: =A131&" €"& Table1[[#This Row],[Selling price incl. VAT]] -> Happy Birthday Gift €43
A132: Happy Birthday Gift with Prosecco | B132: B | C132: 12037-01 | D132: 55 | E132: =A132&" €"& Table1[[#This Row],[Selling price incl. VAT]] -> Happy Birthday Gift with Prosecco €55
A133: Hennessy Cognac Collection Gift Set | B133: B | C133: 12993-01 | D133: 39.5 | E133: =A133&" €"& Table1[[#This Row],[Selling price incl. VAT]] -> Hennessy Cognac Collection Gift Set €39.5
A134: Horizon Gold Dipped Wine Glasses | B134: B | C134: 12272-01 | D134: 45 | E134: =A134&" €"& Table1[[#This Row],[Selling price incl. VAT]] -> Horizon Gold Dipped Wine Glasses €45
A135: Imperial 3-Tier Brown Glass Etagere | Cake & Dessert Stand | B135: B | C135: 12966-01 | D135: 20 | E135: =A135&" €"& Table1[[#This Row],[Selling price incl. VAT]] -> Imperial 3-Tier Brown Glass Etagere | Cake & Dessert Stand €20
A136: Irish Beer Crate | B136: B | C136: 12019-01 | D136: 38 | E136: =A136&" €"& Table1[[#This Row],[Selling price incl. VAT]] -> Irish Beer Crate €38
A137: Irish Brews & Bites Gift Crate | B137: A | C137: 12020-01 | D137: 65 | E137: =A137&" €"& Table1[[#This Row],[Selling price incl. VAT]] -> Irish Brews & Bites Gift Crate €65
A138: Irish Charcuterie & Cheese Hamper - Coming Soon | B138: A | C138: 12930-01 | D138: 85 | E138: =A138&" €"& Table1[[#This Row],[Selling price incl. VAT]] -> Irish Charcuterie & Cheese Hamper - Coming Soon €85
A139: Irish Charcuterie & Cheese Hamper - with Wine - Coming Soon | B139: A | C139: 12931-01 | D139: 98 | E139: =A139&" €"& Table1[[#This Row],[Selling price incl. VAT]] -> Irish Charcuterie & Cheese Hamper - with Wine - Coming Soon €98
A140: Irish Farmers Market Gift Bag | B140: B | C140: 12147-01 | D140: 63 | E140: =A140&" €"& Table1[[#This Row],[Selling price incl. VAT]] -> Irish Farmers Market Gift Bag €63
... A155: Ladies Prosecco & Pamper Hamper | B155: B | C155: 12085-01 | D155: 80 | E155: =A155&" €"& Table1[[#This Row],[Selling price incl. VAT]] -> Ladies Prosecco & Pamper Hamper €80
...

Sheet Shipping 2025
A1: Select from Dropdown | B1: Courier | F1: Sort Shipping | G1: =SUM(F2:F51) -> 0 | I1: Select from Dropdown
A2: Ireland Shipment | B2: DPD | C2: 7.95 | F2: =SUMPRODUCT(SUMIF(Template!$K$10:$K$207,A2,Template!$P$10:$P$207)) -> 0 | I2: Ireland
A3: Northern Ireland Shipment | B3: DPD | C3: 7.95 | F3: =SUMPRODUCT(SUMIF(Template!$K$10:$K$207,A3,Template!$P$10:$P$207)) -> 0 | I3: Northern Ireland
A4: Ireland/NI Pallet Shipment | B4: Pallet network | C4: 98.4 | F4: =SUMPRODUCT(SUMIF(Template!$K$10:$K$207,A4,Template!$P$10:$P$207)) -> 0
A5: Australia Shipment | B5: DHL | C5: 105 | F5: =SUMPRODUCT(SUMIF(Template!$K$10:$K$207,A5,Template!$P$10:$P$207)) -> 0 | I5: Australia
A6: Austria Shipment | B6: DPD | C6: 30 | F6: =SUMPRODUCT(SUMIF(Template!$K$10:$K$207,A6,Template!$P$10:$P$207)) -> 0 | I6: Austria
A7: Belgium Shipment | B7: DPD | C7: 30 | F7: =SUMPRODUCT(SUMIF(Template!$K$10:$K$207,A7,Template!$P$10:$P$207)) -> 0 | I7: Belgium
A8: Bosnia Shipment | B8: DHL | C8: 105 | F8: =SUMPRODUCT(SUMIF(Template!$K$10:$K$207,A8,Template!$P$10:$P$207)) -> 0 | I8: Bosnia-Herzgovina
A9: Bulgaria Shipment | B9: DPD | C9: 65 | F9: =SUMPRODUCT(SUMIF(Template!$K$10:$K$207,A9,Template!$P$10:$P$207)) -> 0 | I9: Bulgaria
A10: Canada Shipment | B10: DHL | C10: 105 | F10: =SUMPRODUCT(SUMIF(Template!$K$10:$K$207,A10,Template!$P$10:$P$207)) -> 0 | I10: Canada
A11: China Shipment | B11: DHL | C11: 182 | F11: =SUMPRODUCT(SUMIF(Template!$K$10:$K$207,A11,Template!$P$10:$P$207)) -> 0 | I11: China
A12: Croatia Shipment | B12: DPD | C12: 65 | F12: =SUMPRODUCT(SUMIF(Template!$K$10:$K$207,A12,Template!$P$10:$P$207)) -> 0 | I12: Croatia
A13: Cyprus Shipment | B13: DHL | C13: 221 | F13: =SUMPRODUCT(SUMIF(Template!$K$10:$K$207,A13,Template!$P$10:$P$207)) -> 0 | I13: Cyprus
A14: Czech Shipment | B14: DPD | C14: 30 | F14: =SUMPRODUCT(SUMIF(Template!$K$10:$K$207,A14,Template!$P$10:$P$207)) -> 0 | I14: Czech Republic
A15: Denmark Shipment | B15: DPD | C15: 30 | F15: =SUMPRODUCT(SUMIF(Template!$K$10:$K$207,A15,Template!$P$10:$P$207)) -> 0 | I15: Denmark
A16: Estonia Shipment | B16: DPD | C16: 42 | F16: =SUMPRODUCT(SUMIF(Template!$K$10:$K$207,A16,Template!$P$10:$P$207)) -> 0 | I16: Estonia
... A22: Hungary Shipment | B22: DPD | C22: 38 | F22: =SUMPRODUCT(SUMIF(Template!$K$10:$K$207,A22,Template!$P$10:$P$207)) -> 0 | I22: Hungary
A23: Iceland Shipment | B23: DHL | C23: 105 | I23: Iceland
B24: Isle of Man €65/Shipment (EX VAT €52.85) | F24: =SUMPRODUCT(SUMIF(Template!$K$10:$K$207,A25,Template!$P$10:$P$207)) -> 0 | I24: Italy
A25: Italy Shipment | B25: DPD | C25: 42 | F25: =SUMPRODUCT(SUMIF(Template!$K$10:$K$207,A26,Template!$P$10:$P$207)) -> 0 | I25: Latvia
A26: Latvia Shipment | B26: DPD | C26: 42 | F26: =SUMPRODUCT(SUMIF(Template!$K$10:$K$207,A27,Template!$P$10:$P$207)) -> 0 | I26: Liechtenstein
A27: Liechtenstein Shipment | B27: DHL | C27: 105 | F27: =SUMPRODUCT(SUMIF(Template!$K$10:$K$207,A28,Template!$P$10:$P$207)) -> 0 | I27: Lithuania
A28: Lithuania Shipment | B28: DPD | C28: 38 | F28: =SUMPRODUCT(SUMIF(Template!$K$10:$K$207,A29,Template!$P$10:$P$207)) -> 0 | I28: Luxemberg
A29: Luxemberg Shipment | B29: DPD | C29: 30 | F29: =SUMPRODUCT(SUMIF(Template!$K$10:$K$207,A30,Template!$P$10:$P$207)) -> 0 | I29: Malaysia
A30: Malaysia Shipment | B30: DHL | C30: 126 | F30: =SUMPRODUCT(SUMIF(Template!$K$10:$K$207,A31,Template!$P$10:$P$207)) -> 0 | I30: Malta
A31: Malta Shipment | B31: DHL | C31: 127 | F31: =SUMPRODUCT(SUMIF(Template!$K$10:$K$207,A32,Template!$P$10:$P$207)) -> 0 | I31: Moldovia
A32: Moldovia Shipment | B32: DPD | C32: 105 | F32: =SUMPRODUCT(SUMIF(Template!$K$10:$K$207,A33,Template!$P$10:$P$207)) -> 0 | I32: Netherlands
A33: Netherlands Shipment | B33: DPD | C33: 30 | I33: New Zealand
A34: New Shipment | B34: DHL | C34: 105 | F34: =SUMPRODUCT(SUMIF(Template!$K$10:$K$207,A35,Template!$P$10:$P$207)) -> 0 | I34: Poland
A35: Poland Shipment | B35: DPD | C35: 30 | F35: =SUMPRODUCT(SUMIF(Template!$K$10:$K$207,A36,Template!$P$10:$P$207)) -> 0 | I35: Portugal
A36: Portugal Shipment | B36: DPD | C36: 65 | F36: =SUMPRODUCT(SUMIF(Template!$K$10:$K$207,A37,Template!$P$10:$P$207)) -> 0 | I36: Montenegro
A37: Montenegro Shipment | B37: DHL | C37: 105 | F37: =SUMPRODUCT(SUMIF(Template!$K$10:$K$207,A38,Template!$P$10:$P$207)) -> 0 | I37: Romania
A38: Romania Shipment | B38: DPD | C38: 65 | F38: =SUMPRODUCT(SUMIF(Template!$K$10:$K$207,A40,Template!$P$10:$P$207)) -> 0 | I38: Singapore
B39: Serbia €65.00/Shipment (EX VAT €52.85) | F39: =SUMPRODUCT(SUMIF(Template!$K$10:$K$207,B39,Template!$P$10:$P$207)) -> 0 | I39: Slovakia
A40: Singapore Shipment | B40: DHL | C40: 126 | F40: =SUMPRODUCT(SUMIF(Template!$K$10:$K$207,A42,Template!$P$10:$P$207)) -> 0 | I40: Slovenia
A41: Slovakia Shipment | B41: DPD | C41: 38 | F41: =SUMPRODUCT(SUMIF(Template!$K$10:$K$207,A43,Template!$P$10:$P$207)) -> 0 | I41: South Korea
A42: Slovenia Shipment | B42: DPD | C42: 38 | F42: =SUMPRODUCT(SUMIF(Template!$K$10:$K$207,A44,Template!$P$10:$P$207)) -> 0 | I42: Spain
A43: South Shipment | B43: DHL | C43: 182 | F43: =SUMPRODUCT(SUMIF(Template!$K$10:$K$207,A45,Template!$P$10:$P$207)) -> 0 | I43: Sweden
A44: Spain Shipment | B44: DPD | C44: 42 | F44: =SUMPRODUCT(SUMIF(Template!$K$10:$K$207,A46,Template!$P$10:$P$207)) -> 0 | I44: Switzerland
A45: Sweden Shipment | B45: DPD | C45: 42 | F45: =SUMPRODUCT(SUMIF(Template!$K$10:$K$207,A47,Template!$P$10:$P$207)) -> 0 | I45: Tunisia
A46: Switzerland Shipment | B46: DHL | C46: 105 | F46: =SUMPRODUCT(SUMIF(Template!$K$10:$K$207,A48,Template!$P$10:$P$207)) -> 0 | I46: Turkey
A47: Tunisia Shipment | B47: DHL | C47: 221 | F47: =SUMPRODUCT(SUMIF(Template!$K$10:$K$207,A50,Template!$P$10:$P$207)) -> 0 | I47: UK
A48: Turkey Shipment | B48: DHL | C48: 221 | F48: =SUMPRODUCT(SUMIF(Template!$K$10:$K$207,A51,Template!$P$10:$P$207)) -> 0 | I48: United Arab Emirates
B49: DHL | F49: =SUMPRODUCT(SUMIF(Template!$K$10:$K$207,A52,Template!$P$10:$P$207)) -> 0 | I49: United States
A50: UK UK Shipping : England, Scotland Wales - incl price of selected gifts | F50: =SUMPRODUCT(SUMIF(Template!$K$10:$K$207,A53,Template!$P$10:$P$207)) -> 0 | I50: Vietnam
A51: United Arab Emirates Shipment | B51: DHL | C51: 182 | F51: =SUMPRODUCT(SUMIF(Template!$K$10:$K$207,A54,Template!$P$10:$P$207)) -> 0
A52: United States America Shipment | B52: DHL | C52: 105
A53: Vietnam Shipment | B53: DHL | C53: 126
I55: end
A58: end

Sheet Grippy
A1: Order Number | B1: Customer ID (ideally the database ID) | C1: Item (Row) Number | D1: Recipient Name | E1: Address Line 1 | F1: Address Line 2 | G1: Post Code | H1: City | I1: County | J1: Country | K1: Recipient Phone Number | L1: Hamper Design SKU | M1: Quantity Ordered | N1: Requested Delivery Date | O1: Delivery Method
A2: =Template!$C$11 -> 0 | B2: =Template!$M$4 -> 0 | C2: =Template!B11 -> 1 | D2: =Template!C11 -> 0 | E2: =Template!D11 -> 0 | F2: =Template!E11 -> 0 | G2: =Template!F11 -> 0 | H2: =Template!I11 -> 0 | I2: =Template!G11 -> 0 | J2: =Template!J11 -> Select from Dropdown | K2: =Template!M11 -> 0 | L2: =Template!P11 -> 12050-01 | M2: =Template!R11 -> 0 | N2: =Template!T11 -> 0 | O2: =Template!S11 -> 0
A3: =Template!$C$11 -> 0 | B3: =Template!$M$4 -> 0 | C3: =Template!B12 -> 2 | D3: =Template!C12 -> 0 | E3: =Template!D12 -> 0 | F3: =Template!E12 -> 0 | G3: =Template!I12 -> 0 | H3: =Template!G12 -> 0 | I3: =Template!H12 -> 0 | J3: =Template!J12 -> Select from Dropdown | K3: =Template!M12 -> 0 | L3: =Template!P12 -> SKU | M3: =Template!R12 -> 0 | N3: =Template!T12 -> 0 | O3: =Template!S12 -> 0
A4: =Template!$C$11 -> 0 | B4: =Template!$M$4 -> 0 | C4: =Template!B13 -> 3 | D4: =Template!C13 -> 0 | E4: =Template!D13 -> 0 | F4: =Template!E13 -> 0 | G4: =Template!I13 -> 0 | H4: =Template!G13 -> 0 | I4: =Template!H13 -> 0 | J4: =Template!J13 -> Select from Dropdown | K4: =Template!M13 -> 0 | L4: =Template!P13 -> SKU | M4: =Template!R13 -> 0 | N4: =Template!T13 -> 0 | O4: =Template!S13 -> 0
A5: =Template!$C$11 -> 0 | B5: =Template!$M$4 -> 0 | C5: =Template!B14 -> 4 | D5: =Template!C14 -> 0 | E5: =Template!D14 -> 0 | F5: =Template!E14 -> 0 | G5: =Template!I14 -> 0 | H5: =Template!G14 -> 0 | I5: =Template!H14 -> 0 | J5: =Template!J14 -> Select from Dropdown | K5: =Template!M14 -> 0 | L5: =Template!P14 -> SKU | M5: =Template!R14 -> 0 | N5: =Template!T14 -> 0 | O5: =Template!S14 -> 0
A6: =Template!$C$11 -> 0 | B6: =Template!$M$4 -> 0 | C6: =Template!B15 -> 5 | D6: =Template!C15 -> 0 | E6: =Template!D15 -> 0 | F6: =Template!E15 -> 0 | G6: =Template!I15 -> 0 | H6: =Template!G15 -> 0 | I6: =Template!H15 -> 0 | J6: =Template!J15 -> Select from Dropdown | K6: =Template!M15 -> 0 | L6: =Template!P15 -> SKU | M6: =Template!R15 -> 0 | N6: =Template!T15 -> 0 | O6: =Template!S15 -> 0
A7: =Template!$C$11 -> 0 | B7: =Template!$M$4 -> 0 | C7: =Template!B16 -> 6 | D7: =Template!C16 -> 0 | E7: =Template!D16 -> 0 | F7: =Template!E16 -> 0 | G7: =Template!I16 -> 0 | H7: =Template!G16 -> 0 | I7: =Template!H16 -> 0 | J7: =Template!J16 -> Select from Dropdown | K7: =Template!M16 -> 0 | L7: =Template!P16 -> SKU | M7: =Template!R16 -> 0 | N7: =Template!T16 -> 0 | O7: =Template!S16 -> 0
A8: =Template!$C$11 -> 0 | B8: =Template!$M$4 -> 0 | C8: =Template!B17 -> 7 | D8: =Template!C17 -> 0 | E8: =Template!D17 -> 0 | F8: =Template!E17 -> 0 | G8: =Template!I17 -> 0 | H8: =Template!G17 -> 0 | I8: =Template!H17 -> 0 | J8: =Template!J17 -> Select from Dropdown | K8: =Template!M17 -> 0 | L8: =Template!P17 -> SKU | M8: =Template!R17 -> 0 | N8: =Template!T17 -> 0 | O8: =Template!S17 -> 0
A9: =Template!$C$11 -> 0 | B9: =Template!$M$4 -> 0 | C9: =Template!B18 -> 8 | D9: =Template!C18 -> 0 | E9: =Template!D18 -> 0 | F9: =Template!E18 -> 0 | G9: =Template!I18 -> 0 | H9: =Template!G18 -> 0 | I9: =Template!H18 -> 0 | J9: =Template!J18 -> Select from Dropdown | K9: =Template!M18 -> 0 | L9: =Template!P18 -> SKU | M9: =Template!R18 -> 0 | N9: =Template!T18 -> 0 | O9: =Template!S18 -> 0
A10: =Template!$C$11 -> 0 | B10: =Template!$M$4 -> 0 | C10: =Template!B19 -> 9 | D10: =Template!C19 -> 0 | E10: =Template!D19 -> 0 | F10: =Template!E19 -> 0 | G10: =Template!I19 -> 0 | H10: =Template!G19 -> 0 | I10: =Template!H19 -> 0 | J10: =Template!J19 -> Select from Dropdown | K10: =Template!M19 -> 0 | L10: =Template!P19 -> SKU | M10: =Template!R19 -> 0 | N10: =Template!T19 -> 0 | O10: =Template!S19 -> 0
A11: =Template!$C$11 -> 0 | B11: =Template!$M$4 -> 0 | C11: =Template!B20 -> 10 | D11: =Template!C20 -> 0 | E11: =Template!D20 -> 0 | F11: =Template!E20 -> 0 | G11: =Template!I20 -> 0 | H11: =Template!G20 -> 0 | I11: =Template!H20 -> 0 | J11: =Template!J20 -> Select from Dropdown | K11: =Template!M20 -> 0 | L11: =Template!P20 -> SKU | M11: =Template!R20 -> 0 | N11: =Template!T20 -> 0 | O11: =Template!S20 -> 0
A12: =Template!$C$11 -> 0 | B12: =Template!$M$4 -> 0 | C12: =Template!B21 -> 11 | D12: =Template!C21 -> 0 | E12: =Template!D21 -> 0 | F12: =Template!E21 -> 0 | G12: =Template!I21 -> 0 | H12: =Template!G21 -> 0 | I12: =Template!H21 -> 0 | J12: =Template!J21 -> Select from Dropdown | K12: =Template!M21 -> 0 | L12: =Template!P21 -> SKU | M12: =Template!R21 -> 0 | N12: =Template!T21 -> 0 | O12: =Template!S21 -> 0
A13: =Template!$C$11 -> 0 | B13: =Template!$M$4 -> 0 | C13: =Template!B22 -> 12 | D13: =Template!C22 -> 0 | E13: =Template!D22 -> 0 | F13: =Template!E22 -> 0 | G13: =Template!I22 -> 0 | H13: =Template!G22 -> 0 | I13: =Template!H22 -> 0 | J13: =Template!J22 -> Select from Dropdown | K13: =Template!M22 -> 0 | L13: =Template!P22 -> SKU | M13: =Template!R22 -> 0 | N13: =Template!T22 -> 0 | O13: =Template!S22 -> 0
A14: =Template!$C$11 -> 0 | B14: =Template!$M$4 -> 0 | C14: =Template!B23 -> 13 | D14: =Template!C23 -> 0 | E14: =Template!D23 -> 0 | F14: =Template!E23 -> 0 | G14: =Template!I23 -> 0 | H14: =Template!G23 -> 0 | I14: =Template!H23 -> 0 | J14: =Template!J23 -> Select from Dropdown | K14: =Template!M23 -> 0 | L14: =Template!P23 -> SKU | M14: =Template!R23 -> 0 | N14: =Template!T23 -> 0 | O14: =Template!S23 -> 0
... A21: =Template!$C$11 -> 0 | B21: =Template!$M$4 -> 0 | C21: =Template!B30 -> 20 | D21: =Template!C30 -> 0 | E21: =Template!D30 -> 0 | F21: =Template!E30 -> 0 | G21: =Template!I30 -> 0 | H21: =Template!G30 -> 0 | I21: =Template!H30 -> 0 | J21: =Template!J30 -> Select from Dropdown | K21: =Template!M30 -> 0 | L21: =Template!P30 -> SKU | M21: =Template!R30 -> 0 | N21: =Template!T30 -> 0 | O21: =Template!S30 -> 0
A22: =Template!$C$11 -> 0 | B22: =Template!$M$4 -> 0
B23: =Template!$M$4 -> 0
